 Dungeon Crawl Stone Soup version 0.31.0-9-g3a7656b989 (webtiles) character file.

Game seed: 10554298930093536858

93 qw the Shooter (level 4, -4/23 HPs)
             Began as a Spriggan Hunter on Feb 2, 2024.
             Slain by Robin
             ... wielding a +1 mace of pain
              (6 damage)
             ... on level 2 of the Dungeon.
             The game lasted 00:00:05 (1420 turns).

qw the Shooter (Spriggan Hunter)                    Turns: 1420, Time: 00:00:06

Health: -4/23      AC:  2    Str:  5 (7)  XL:     4   Next: 36%
Magic:  5/5        EV: 10    Int:  8 (10) God:
Gold:   152        SH:  0    Dex: 18 (20) Spells: 3/3 levels left

rFire   . . .        a - +0 shortbow
rCold   . . .        (shield currently unavailable)
rNeg    . . .        c - +0 robe
rPois   .            (helmet restricted)
rElec   .            (no cloak)
rCorr   .            (gloves unavailable)
SInv    +            (boots unavailable)
Will    .....        (no amulet)
Stlth   ++           (no ring)
HPRegen 0.23/turn    (no ring)
MPRegen 0.09/turn

%: no passive effects
@: held, very quick
A: very small, no large weapons, unfitting armour, see invisible, speed 3
a: no special abilities


You were on level 2 of the Dungeon.
You visited 1 branch of the dungeon, and saw 2 of its levels.

You collected 152 gold pieces.


Innate Abilities, Weirdness & Mutations

You are very small and have problems with some larger weapons.
You are too small for most types of armour.
You have supernaturally acute eyesight. (SInv)
You cover ground extremely quickly. (Speed+++)


   Skills:
 - Level 2.0 Fighting
 - Level 5.0 Ranged Weapons
 + Level 4.4 Dodging
 - Level 1.5 Stealth


You had 3 spell levels left.
You didn't know any spells.
Your spell library was empty.

Inventory:

Hand Weapons
 a - a +0 shortbow (weapon)
Armour
 c - a +0 robe (worn)
Potions
 e - a potion of enlightenment

Dungeon Overview and Level Annotations

Branches:
Dungeon (2/15)

Altars:

Annotations:
D:2 Robin


Message History

You shoot an arrow. The arrow hits the goblin.
You kill the goblin!
A hobgoblin comes into view.
The hobgoblin closely misses you. The goblin hits you with a +0 dagger.
A goblin comes into view. It is wielding a +0 dagger.
A giant cockroach comes into view.
You shoot an arrow. The hobgoblin shouts!
The arrow hits the hobgoblin!
You kill the hobgoblin!
The goblin completely misses you. The bat barely misses you.
Your Fighting skill increases to level 2!
You shoot an arrow. The arrow hits Robin.
Robin is lightly wounded.
The bat barely misses you.
A goblin comes into view. It is wielding a +0 dagger.
A hobgoblin comes into view.
The goblin misses you.
A hobgoblin comes into view.
Robin hits you with a +1 mace of pain.
You writhe in agony.
You shoot an arrow. The hobgoblin shouts!
The arrow hits Robin.
Robin is moderately wounded.
The bat barely misses you. The goblin barely misses you.
Robin closely misses you. The hobgoblin barely misses you.
The goblin hits you with a +0 dagger. Robin closely misses you.
You shoot an arrow. The arrow barely misses Robin.
The arrow hits the bat.
You kill the bat!
The ribbon worm completely misses you. The goblin closely misses you.
Robin hits you with a +1 mace of pain.
You writhe in agony.
The hobgoblin closely misses you.
You shoot an arrow. The arrow barely misses Robin.
The arrow barely misses the hobgoblin.
The arrow hits the goblin.
You kill the goblin!
The ribbon worm expels a string of sticky webbing.
The stream of webbing hits you but does no damage.
You are caught in a web!
Robin hits you with a +1 mace of pain.
You die...
Robin calls out, "Let's celebrate!
Time for a feast!"

#......#######.# ##..
#....#..>#####.###...
###.####....##...#..#
#..######.####....# ##
##...# #...)......
...######.## ######.....
.#......#..#######......
......g.)#....#......##.
...g.Bw@<........#......
....g.gg.........#.#####
...g.g........##...# #
....).......#...#..#####
............###.#.....##
...?......### #...###...
........<## #..# ####
.##.....## #.. ...# #..
.....


You could see a ribbon worm (catching breath), Robin, a giant cockroach, 4
hobgoblins and 2 goblins.

Vanquished Creatures
  2 adders (D:2)
  A gnoll (D:1)
  2 dart slugs (D:1)
  6 endoplasms
  2 giant cockroaches (D:1)
  5 goblins
  5 hobgoblins
  11 jackals (D:1)
  8 ball pythons
  6 bats
  2 frilled lizards (D:1)
  5 kobolds
  A rat (D:1)
56 creatures vanquished.

Notes
Turn   | Place    | Note
-------+----------+-------------------------------------------
     0 | D:1      | qw the Spriggan Hunter began the quest for the Orb.
     0 | D:1      | Reached XP level 1. HP: 10/10 MP: 2/2
     0 | D:1      | 0 ||| qw: Version: 0.3-a-155-g5e7d8dd
     0 | D:1      | 0 ||| qw: Game counter: 2620
     0 | D:1      | 0 ||| qw: Melee chars always use a shield: true
     0 | D:1      | 0 ||| qw: God list: Okawaru
     0 | D:1      | 0 ||| qw: Allow faded altars: false
     0 | D:1      | 0 ||| qw: Do Orc after clearing Dungeon:15 true
     0 | D:1      | 0 ||| qw: Do second Lair branch before Depths: true
     0 | D:1      | 0 ||| qw: Lair rune preference: random
     0 | D:1      | 0 ||| qw: Goals: Normal
     0 | D:1      | 0 ||| PLANNING D:1-11
    44 | D:1      | Reached skill level 3 in Dodging
    63 | D:1      | Reached XP level 2. HP: 14/14 MP: 3/3
   198 | D:1      | Reached XP level 3. HP: 18/18 MP: 4/4
   524 | D:1      | You fall into a shaft and drop 1 floor!
   674 | D:2      | Reached skill level 5 in Ranged Weapons
   674 | D:2      | Reached XP level 4. HP: 7/22 MP: 5/5
   676 | D:2      | HP: 5/22 [poisoned by an adder]
   787 | D:2      | Found a faded altar of an unknown god.
   889 | D:2      | 889 ||| READING scroll labelled BATIUQ HEDDEJUOL.
   889 | D:2      | 889 ||| IDENTIFYING red potion
   890 | D:2      | 890 ||| READING scroll labelled DYENOF XEROSCH.
   893 | D:2      | 893 ||| DRINKING 2 golden potions.
   894 | D:2      | 894 ||| DRINKING 2 emerald potions.
   895 | D:2      | 895 ||| DROPPING scroll of butterflies.
   896 | D:2      | 896 ||| DROPPING potion of invisibility.
   897 | D:2      | 897 ||| DROPPING potion of degeneration.
  1324 | D:1      | 1324 ||| READING scroll of identify.
  1324 | D:1      | 1324 ||| IDENTIFYING scroll labelled AFOUDOL KIQA
  1325 | D:1      | 1325 ||| DROPPING scroll of immolation.
  1409 | D:2      | Noticed Robin
  1419 | D:2      | HP: 3/23 [Robin/+1 mace of pain (3)]
  1420 | D:2      | Slain by Robin

Levels and vault maps discovered:
D:1:      erik_arrival_triangle_medium, layout_loops_corners
D:2:      layout_rooms, nicolae_ecumenical_snake_handling, uniq_robin

Skill      XL: |  1  2  3  4 |
---------------+-------------+-----
Dodging        | 3 4 |  4.4
Ranged Weapons | 5 |  5.0
Fighting       | 2 |  2.0
Stealth        | |  1.5

Action                     |  1- 3 |  4- 6 || total
---------------------------+-------+-------++-------
   Fire: Shortbow          |    90 |    52 ||   142
    Use: Scroll            |       |     3 ||     3
         Potion            |       |     2 ||     2
 Armour: Robe              |    13 |    11 ||    24
  Dodge: Dodged            |    39 |    22 ||    61

Table legend:
 A = Non-vault XP
 B = Vault XP
 C = Vault XP percentage of total XP
 D = Non-vault monster count
 E = Vault monster count
 F = Vault count percentage of total count
                 A         B        C        D         E       F
            +---------+---------+-------+---------+---------+-------
      Total |     123 |      12 |   8.9 |      48 |       8 |  14.3
            +---------+---------+-------+---------+---------+-------
        D:1 |      76 |       0 |   0.0 |      34 |       0 |   0.0
        D:2 |      47 |      12 |  20.3 |      14 |       8 |  36.4
            +---------+---------+-------+---------+---------+-------
